 Dungeon Sprint DCSS version 0.28-a0-313-gbc0475efdd (webtiles) character file.

Game seed: 17125133633214553075

252 Ankalagon the Severer (level 6, -4/50 HPs)
             Began as a Hill Orc Gladiator on Aug 31, 2021.
             Slain by a water moccasin (6 damage)
             ... in the Dungeon (Sprint II: "The Violet Keep of Menkaure").
             The game lasted 00:00:34 (35 turns).

Ankalagon the Severer (Hill Orc Gladiator)            Turns: 35, Time: 00:00:35

Health: -4/50      AC:  4    Str: 17    XL:     6   Next: 14%
Magic:  6/6        EV: 12    Int:  8    God:
Gold:   0          SH:  0    Dex: 14    Spells: 5/5 levels left

rFire   . . .      SeeInvis .   a - +0 war axe
rCold   . . .      Faith    .   (no shield)
rNeg    . . .      Spirit   .   b - +0 leather armour
rPois   .          Reflect  .   c - +0 helmet
rElec   .          Harm     .   (no cloak)
rCorr   .          Rampage  .   (no gloves)
Will    .....      NoTele   +   (no boots)
Stlth   +.........              (no amulet)
HPRegen 0.16/turn               (no ring)
MPRegen 0.10/turn               (no ring)

@: lethally poisoned (-4 -> -14), on berserk cooldown, hasted and slowed
A: no striking features
a: no special abilities


You were in the Dungeon.
You visited 1 branch

Inventory:

Hand Weapons
 a - a +0 war axe (weapon)
Missiles
 d - 3 throwing nets (quivered)
Armour
 b - a +0 leather armour (worn)
 c - a +0 helmet (worn)
Scrolls
 j - a scroll of blinking
Potions
 e - a potion of curing
 h - 2 potions of magic


   Skills:
 + Level 2.4 Fighting
 + Level 15.4 Axes
 - Level 1.7 Throwing
 + Level 2.4 Dodging


You had 5 spell levels left.
You didn't know any spells.
Your spell library was empty.

Dungeon Overview and Level Annotations

Branches:
Dungeon (1/1)

Altars:

Annotations:
D Menkaure


Message History

* * * LOW HITPOINT WARNING * * *
You feel drained.
Menkaure mumbles some strange words.
Menkaure seems to speed up.
You slash the necrophage!
The necrophage is almost destroyed.
The necrophage barely misses you.
You closely miss the necrophage.
The necrophage is almost destroyed.
The necrophage closely misses you.
You slash the necrophage!
You destroy the necrophage!
The water moccasin misses you.
Your life force feels restored.
Your Axes skill gained 2 levels and is now at level 15!
You have reached level 6!
Your experience leads to an increase in your attributes!
Increase (S)trength, (I)ntelligence, or (D)exterity?
You feel agile.
Unknown command.
Unknown command.
You slash the water moccasin!
The water moccasin is heavily wounded.
You hit the water moccasin.
The water moccasin is heavily wounded.
The water moccasin bites you.
* * * LOW HITPOINT WARNING * * *
You barely miss the water moccasin.
The water moccasin is heavily wounded.
The water moccasin bites you but does no damage.
You hit the water moccasin.
The water moccasin is heavily wounded.
The water moccasin bites you but does no damage.
You miss the water moccasin.
The water moccasin is heavily wounded.
The water moccasin bites you.
* * * LOW HITPOINT WARNING * * *
You are lethally poisoned!
The water moccasin poisons you! The water moccasin bites you.
You die...

# #+# .##
##.##nM.#
+.<@S#
##.##...#
#+# .## #


You could see a water moccasin, a necrophage and Menkaure (fast).

Vanquished Creatures
  3 necrophages (D)
3 creatures vanquished.

Notes
Turn   | Place    | Note
-------+----------+-------------------------------------------
     0 | D        | Ankalagon the Hill Orc Gladiator began the quest for the
                  | Orb.
     0 | D        | Reached XP level 1. HP: 18/18 MP: 1/1
     1 | D        | Noticed a necrophage
     1 | D        | Noticed a necrophage
     1 | D        | Noticed a necrophage
     1 | D        | Noticed a necrophage
    11 | D        | Killed a necrophage
    12 | D        | Reached skill level 11 in Axes
    12 | D        | Reached XP level 2. HP: 8/25 MP: 2/2
    12 | D        | Reached XP level 3. HP: 9/30 MP: 3/3
    12 | D        | Reached XP level 4. HP: 12/37 MP: 4/4
    14 | D        | Killed a necrophage
    15 | D        | Reached skill level 13 in Axes
    15 | D        | Reached XP level 5. HP: 14/42 MP: 5/5
    22 | D        | Noticed Menkaure
    24 | D        | Noticed a water moccasin
    30 | D        | Killed a necrophage
    31 | D        | Reached skill level 15 in Axes
    31 | D        | Reached XP level 6. HP: 8/50 MP: 6/6
    35 | D        | HP: 2/50 [water moccasin (2)]
    35 | D        | Slain by a water moccasin

Illustrated notes

Levels and vault maps discovered:
D:        the_violet_keep_of_menkaure [sprint2_stairs_cluster_1,
          sprint2_shoproom, sprint2_temple, sprint2_basic_supplies,
          sprint2_obstacle_1, sprint2_obstacle_7, sprint2_obstacle_5,
          sprint2_obstacle_6, sprint2_obstacle_4, sprint2_timed_cluster_1,
          sprint2_smallroom_cluster_1, sprint2_smallroom_final_cluster_1,
          sprint2_transparent_cluster_1, sprint2_second_timed_cluster_1,
          sprint2_sniper_area_1, sprint2_heavy_combat_area_1,
          sprint2_mutation_trap_area_1, sprint2_forest_area_1,
          sprint2_light_combat_area_1, sprint2_behind_water_1,
          sprint2_near_end_vault_1]

Skill      XL: |  1  2  3  4  5 |
---------------+----------------+-----
Axes           | 11 13 15 | 15.4
Fighting       | |  2.4
Throwing       | |  1.7
Dodging        | |  2.4

Action                   |  1- 3 |  4- 6 || total
-------------------------+-------+-------++-------
Melee: War axe           |     8 |    21 ||    29
  Use: Potion            |     1 |     2 ||     3
Armor: Leather armour    |       |     3 ||     3
Dodge: Dodged            |     2 |     7 ||     9

Table legend: (Time is in decaauts)
 A = Elapsed time spent in this place.
 B = Non-inter-level travel time spent in this place.
 C = Inter-level travel time spent in this place.
 D = Time resting spent in this place.
 E = Time spent auto-exploring this place.
 F = Levels seen in this place.
 G = Mean time per level.
                   A        B        C        D        E       F      G
               +--------+--------+--------+--------+--------+-----+--------+
         Total |     29 |     29 |      0 |      0 |      0 |   1 |   29.0 |
       Dungeon |     29 |     29 |      0 |      0 |      0 |   1 |   29.0 |
               +--------+--------+--------+--------+--------+-----+--------+

Top non-repeatable levels by time:
       D: 29 daAuts
